 Dungeon Crawl Stone Soup version 0.28.0 (webtiles) character file.

Game seed: 14721116383968129120

5 psuckher the Sneak (level 1, -1/18 HPs)
             Began as a Demonspawn Delver on Feb 15, 2022.
             Slain by an orc (5 damage)
             ... on level 3 of the Dungeon.
             The game lasted 00:02:06 (233 turns).

psuckher the Sneak (Demonspawn Delver)               Turns: 233, Time: 00:02:07

Health: -1/18      AC:  3    Str: 12    XL:     1   Next: 66%
Magic:  1/1        EV: 11    Int: 11    God:
Gold:   12         SH:  0    Dex: 14    Spells: 0/0 levels left

rFire   . . .      SeeInvis .   a - +0 hand axe
rCold   . . .      Faith    .   (no shield)
rNeg    . . .      Spirit   .   b - +0 leather armour
rPois   .          Reflect  .   (no helmet)
rElec   .          Harm     .   (no cloak)
rCorr   .          Rampage  .   (no gloves)
Will    .....                   (no boots)
Stlth   +++.......              (no amulet)
HPRegen 0.06/turn               (no ring)
MPRegen 0.07/turn               (no ring)

@: hasted (expiring), very quick
A: no striking features
a: no special abilities


You were on level 3 of the Dungeon.
You visited 1 branch of the dungeon, and saw 4 of its levels.

You collected 12 gold pieces.

Inventory:

Hand Weapons
 a - a +0 hand axe (weapon)
Armour
 b - a +0 leather armour (worn)
Wands
 g - a wand of digging (3)
Scrolls
 c - 2 scrolls of fog


   Skills:
 + Level 3.0 Fighting
 + Level 2.0 Axes
 + Level 1.7 Dodging
 + Level 4.6 Stealth


You couldn't memorise any spells.
You didn't know any spells.
Your spell library was empty.

Dungeon Overview and Level Annotations

Branches:
Dungeon (6/15)
 Temple: D:4-7

Altars:
Trog

Annotations:
D:4 Robin, Sigmund


Message History

You assume a fearsome visage.
The jelly looks frightened!
The orc looks frightened! x2
You enter the shallow water.
Moving in this stuff is going to be slow.
The orc screams, "Help!"
A ball python and a dart slug come into view.
Cornered, the orc turns to fight!
The ball python hisses angrily.
The ball python bites you but does no damage.
The ball python grabs you. The ball python constricts you.
* * * LOW HITPOINT WARNING * * *
The ball python closely misses you. The ball python constricts you.
* * * LOW HITPOINT WARNING * * *
You closely miss the ball python. The ball python closely misses you.
The ball python constricts you.
You hit the ball python.
You kill the ball python!
Your Axes skill increases to level 2!
You see here a ball python corpse.
The dart slug launches a dart at you. The slug dart hits you.
* * * LOW HITPOINT WARNING * * *
It was a potion of curing.
You feel better.
You feel yourself speed up.
An orc comes into view. It is wielding a +0 short sword.
Found a stone staircase leading down.
You open the door.
There is an open door here.
Your extra speed is starting to run out.
You hit the orc.
The orc is lightly wounded.
The orc hits you with a +0 hand axe.
You closely miss the orc.
The orc is lightly wounded.
The orc hits you with a +0 hand axe.
* * * LOW HITPOINT WARNING * * *
You hit the orc.
The orc is almost dead.
The orc hits you with a +0 hand axe.
You die...

#.........>.......#≈
#.##....##........#≈
#.#...o.#####.....#≈
#.#.....'.........#≈
#.#.....#####.....#≈
#.#.....# #######≈
#o#.##### #≈ #.#o#
#. #.#@# ## #.#.# #
#.#.# #.#.# #.#.#
#.#.# #...# #####


You could see an orc.

Vanquished Creatures
  A ball python (D:3)
  2 goblins
  A hobgoblin (D:5)
4 creatures vanquished.

Notes
Turn   | Place    | Note
-------+----------+-------------------------------------------
     0 | D:5      | psuckher the Demonspawn Delver began the quest for the Orb.
     0 | D:5      | Reached XP level 1. HP: 18/18 MP: 1/1
    54 | D:4      | Found a bloodstained altar of Trog.
    54 | D:4      | Noticed a black bear
    54 | D:4      | Noticed a black bear
    57 | D:4      | Noticed Robin
   102 | D:6      | Noticed an ogre
   155 | D:4      | Noticed an orc wizard
   156 | D:4      | Noticed a water moccasin zombie
   158 | D:4      | Noticed Sigmund
   162 | D:3      | Noticed a jelly
   233 | D:3      | Slain by an orc

Illustrated notes

Levels and vault maps discovered:
D:3:      layout_basic, cheibrodos_worm_habitat, gammafunk_ghost_gnarly_gnolls,
          serial_rivers, chequers_serial_rivers_large_b,
          chequers_serial_rivers_small_a, chequers_serial_rivers_large_a,
          chequers_serial_rivers_room_a
D:4:      layout_cave_pools, mainiacjoe_overflow_tiny_flanked,
          trog_ov_bears_minmay, uniq_sigmund, uniq_robin
D:5:      layout_basic, serial_shops, shop, nicolae_shop_advertising_works
          [nicolae_subvault_shop_adworks], shop_fountains,
          nicolae_shop_bloodbath_and_beyond
D:6:      layout_loops_ring, nicolae_shop_firing_range

Skill      XL: |  1 |
---------------+----+-----
Axes           | 2 |  2.0
Fighting       | |  3.0
Dodging        | |  1.7
Stealth        | |  4.6

Action                   || total
-------------------------++-------
Melee: Hand axe          ||    12
  Use: Scroll            ||     2
       Potion            ||     2
 Stab: Sleeping          ||     1
Armor: Leather armour    ||     4
Dodge: Dodged            ||    10
